 Dungeon Sprint DCSS version 0.30-a0-1008-g30c9307041 (webtiles) character file.

Game seed: 5555370805061489224

3381 PLAYERX the Severer (level 9, -1/97 HPs)
             Began as a Minotaur Monk on Apr 5, 2023.
             Was an Elder of Nemelex Xobeh.
             Hit by a silver javelin thrown by something (16 damage)
             ... in the Dungeon (Sprint VII: "The Pits").
             The game lasted 00:20:58 (862 turns).

PLAYERX the Severer (Minotaur Monk)                  Turns: 862, Time: 00:21:01

Health: -1/97      AC: 17    Str: 19    XL:     9   Next: 74%
Magic:  8/8        EV: 10    Int:  7    God:    Nemelex Xobeh [****..]
Gold:   0          SH:  0    Dex: 14    Spells: 8/8 levels left

rFire   . . .      SeeInvis .    s - +1 broad axe (heavy)
rCold   . . .      Faith    .    (no shield)
rNeg    . . .      Spirit   .    b - +3 plate armour
rPois   .          Reflect  .    (helmet restricted)
rElec   .          Rampage  .    p - +0 cloak
rCorr   .          NoTele   +    o - +0 pair of gloves
Will    .....                    (no boots) Stlth
                                 (no amulet)
HPRegen 0.36/turn                (no ring)
MPRegen 0.11/turn                (no ring)

@: no status effects
A: horns 2, retaliatory headbutt
a: Renounce Religion, Draw Escape, Draw Destruction, Draw Summoning, Triple
Draw, Deal Four


You were in the Dungeon.
You worshipped Nemelex Xobeh.
Nemelex Xobeh was greatly pleased with you.
You visited 1 branch

Inventory:

Hand Weapons
 a - a +2 hand axe
 s - a +1 heavy broad axe (weapon)
Missiles
 m - 10 stones (quivered)
Armour
 b - a +3 plate armour (worn)
 o - a +0 pair of gloves (worn)
 p - a +0 cloak (worn)
Scrolls
 i - a scroll of blinking
 k - 5 scrolls of amnesia
 l - a scroll of summoning
Potions
 c - a potion of ambrosia
 d - 10 potions of curing
 e - 3 potions of heal wounds
 f - a potion of haste
 g - 4 potions of magic
 h - 2 potions of berserk rage
 j - 2 potions of invisibility
 n - 2 potions of brilliance
 q - a potion of mutation
 r - a potion of might


   Skills:
 + Level 15.1 Fighting
 + Level 16.4 Axes
 + Level 4.6 Armour
 + Level 13.3 Dodging
 + Level 4.5 Stealth


You had 8 spell levels left.
You didn't know any spells.
Your spell library was empty.

Dungeon Overview and Level Annotations

Branches:
Dungeon (1/1)

Altars:
Ashenzari
Cheibriados
Dithmenos
Elyvilon
Fedhas
Gozag
Hepliaklqana
Kikubaaqudgha
Makhleb
Nemelex Xobeh
Okawaru
Qazlal
Ru
Sif Muna
Trog
Uskayaw
Vehumet
Wu Jian
Xom
Yredelemnul
Zin
The Shining One
Jiyva
Lugonu


Innate Abilities, Weirdness & Mutations

You have a pair of horns on your head.
You reflexively headbutt those who attack you in melee.


Message History

The silver javelin pierces through you!
* * * LOW HITPOINT WARNING * * *
x2 The merfolk hits you from afar with a +0 trident.
* * * LOW HITPOINT WARNING * * *
Your Fighting skill increases to level 15!
You feel sick.
The merfolk javelineer throws a silver javelin.
The silver javelin pierces through your centaur warrior!
The silver javelin pierces through you.
* * * LOW HITPOINT WARNING * * *
x2 You see here a jumping spider corpse.
You feel much better.
You feel sick.
Your centaur warrior unwields a +0 shortbow.
Your centaur warrior closely misses the merfolk.
Your centaur warrior kicks the merfolk but does no damage.
You feel much better.
You feel sick.
Your centaur warrior misses the merfolk javelineer.
Your centaur warrior kicks the merfolk javelineer.
The merfolk javelineer throws a silver javelin.
The silver javelin barely misses your centaur warrior.
The silver javelin barely misses you.
You draw a card...
You have drawn the Cloud.
Clouds appear around you!
You feel sick.
The merfolk javelineer throws a silver javelin.
The silver javelin pierces through your centaur warrior!
The silver javelin pierces through you!!
You feel sick.
The merfolk javelineer throws a silver javelin.
The silver javelin pierces through your centaur warrior!!
The silver javelin pierces through you!
* * * LOW HITPOINT WARNING * * *
x2 You feel sick.
You are no longer poisoned.
The merfolk javelineer throws a silver javelin.
The silver javelin pierces through your centaur warrior!
Your centaur warrior dies!
Your centaur warrior's corpse disappears in a puff of smoke!
The silver javelin pierces through you!
You die...
Your body glows with a rainbow of weird colours and disappears.

..)##.......##..## ##..+
...##.......##.°.## ##..##
#####...<...###...##+##..##
).[##.......# ##†....††...##
)[.##.......###..###'###...#
#####.......##..##.....##..#
#..###########..'...)...'..+
#.############..##.....##..#
#.#...)#....###.@###§###...#
#'#..).#..[[# ##.§†§§.....##
#.†.)).'==))###...##m##..##
#'#)..)#..).##...##..§##..##
).#....#..))##..###.m.###..+
################# ##### ####


There were no monsters in sight!

Vanquished Creatures
  A black mamba (D)
  A freezing wraith (D)
  3 kobold demonologists (D)
  A polar bear (D)
  A jumping spider (D)
  A ynoxinul (D)
  A wraith (D)
  A yak (D)
  Edmund (D)
  A water moccasin (D)
  An ice beast (D)
  An orc warrior (D)
  A centaur (D)
  A phantom (D)
  A kobold brigand (D)
  A gnoll sergeant (D)
  A quasit (D)
  An iguana (D)
  An orc wizard (D)
  A mummy (D)
  3 gnolls (D)
  A river rat (D)
  3 adders (D)
  A white imp (D)
  An orc (D)
  An endoplasm (D)
  3 giant cockroaches (D)
  A goblin (D)
  2 frilled lizards (D)
  4 kobolds (D)
  2 quokka zombies (D)
  2 rats (D)
46 creatures vanquished.

Vanquished Creatures (collateral kills)
  A tyrant leech (D)
  A sky beast (D)
  A hound (D)
  3 gnolls (D)
6 creatures vanquished.

Grand Total: 52 creatures vanquished

Notes
Turn   | Place    | Note
-------+----------+-------------------------------------------
     0 | D        | PLAYERX the Minotaur Monk began the quest for the Orb.
     0 | D        | Reached XP level 1. HP: 19/19 MP: 0/0
    31 | D        | Found a bloodstained altar of Trog.
    31 | D        | Found a shimmering blue altar of Sif Muna.
    31 | D        | Found a viscous altar of Jiyva.
    31 | D        | Found a hazy altar of Hepliaklqana.
    31 | D        | Found an opulent altar of Gozag.
    33 | D        | Found a glowing golden altar of the Shining One.
    33 | D        | Found a glowing silver altar of Zin.
    33 | D        | Found a basalt altar of Yredelemnul.
    33 | D        | Found a shimmering altar of Xom.
    33 | D        | Found an ornate altar of the Wu Jian Council.
    33 | D        | Found a sacrificial altar of Ru.
    33 | D        | Found a stormy altar of Qazlal.
    33 | D        | Found an iron altar of Okawaru.
    33 | D        | Found a sparkling altar of Nemelex Xobeh.
    33 | D        | Found a burning altar of Makhleb.
    33 | D        | Found a blossoming altar of Fedhas.
    33 | D        | Found a white marble altar of Elyvilon.
    33 | D        | Found a shadowy altar of Dithmenos.
    33 | D        | Found a snail-covered altar of Cheibriados.
    35 | D        | Found a radiant altar of Vehumet.
    35 | D        | Found a corrupted altar of Lugonu.
    36 | D        | Found a hide-covered altar of Uskayaw.
    36 | D        | Found an ancient bone altar of Kikubaaqudgha.
    36 | D        | Found a broken altar of Ashenzari.
    42 | D        | Became a worshipper of Nemelex Xobeh the Trickster
    42 | D        | Reached * piety under Nemelex Xobeh
    42 | D        | Received a gift from Nemelex Xobeh
    42 | D        | Received a gift from Nemelex Xobeh
    42 | D        | Reached ** piety under Nemelex Xobeh
    98 | D        | Reached skill level 4 in Axes
   130 | D        | Reached XP level 2. HP: 23/28 MP: 1/1
   131 | D        | Reached skill level 5 in Fighting
   131 | D        | Reached skill level 5 in Axes
   149 | D        | Noticed Edmund
   164 | D        | Reached skill level 5 in Dodging
   164 | D        | Reached XP level 3. HP: 28/36 MP: 2/2
   175 | D        | Killed Edmund
   176 | D        | Reached skill level 8 in Axes
   176 | D        | Reached XP level 4. HP: 47/47 MP: 3/3
   176 | D        | Reached XP level 5. HP: 52/52 MP: 4/4
   247 | D        | Received a gift from Nemelex Xobeh
   340 | D        | Noticed an orc warrior
   342 | D        | Reached skill level 9 in Axes
   345 | D        | Killed an orc warrior
   345 | D        | Noticed a sky beast
   346 | D        | Reached skill level 10 in Axes
   346 | D        | Reached XP level 6. HP: 64/64 MP: 5/5
   349 | D        | Reached skill level 10 in Fighting
   357 | D        | Killed a sky beast
   358 | D        | Reached skill level 11 in Axes
   358 | D        | Reached skill level 10 in Dodging
   358 | D        | Reached XP level 7. HP: 73/73 MP: 6/6
   371 | D        | Reached *** piety under Nemelex Xobeh
   380 | D        | Received a gift from Nemelex Xobeh
   380 | D        | Noticed a kobold demonologist
   380 | D        | Noticed a kobold demonologist
   380 | D        | Noticed a kobold demonologist
   380 | D        | Noticed a black mamba
   381 | D        | Noticed a chaos spawn
   382 | D        | Noticed a ynoxinul
   382 | D        | Killed a kobold demonologist
   383 | D        | Reached skill level 12 in Axes
   383 | D        | Killed a kobold demonologist
   384 | D        | Reached skill level 13 in Axes
   384 | D        | Reached XP level 8. HP: 83/83 MP: 7/7
   385 | D        | Killed a black mamba
   391 | D        | Killed a kobold demonologist
   392 | D        | Reached skill level 14 in Axes
   396 | D        | Received a gift from Nemelex Xobeh
   475 | D        | Reached skill level 1 in Armour
   534 | D        | Reached XP level 9. HP: 94/94 MP: 8/8
   536 | D        | Reached **** piety under Nemelex Xobeh
   537 | D        | Noticed a freezing wraith
   539 | D        | a ynoxinul changed into a sixfirhy
   539 | D        | Noticed a sixfirhy
   543 | D        | a sixfirhy changed into a ynoxinul
   548 | D        | Reached skill level 15 in Axes
   551 | D        | Killed a freezing wraith
   713 | D        | Received a gift from Nemelex Xobeh
   713 | D        | Noticed a polar bear
   722 | D        | Killed a polar bear
   723 | D        | Reached skill level 16 in Axes
   845 | D        | Noticed a tyrant leech
   845 | D        | Noticed a merfolk javelineer
   845 | D        | Noticed a merfolk
   845 | D        | Noticed a merfolk
   846 | D        | Identified the +2 long sword of Internal Strife {protect,
                  | rN+}
   856 | D        | Killed a tyrant leech
   857 | D        | Reached skill level 15 in Fighting
   862 | D        | Hit by a silver javelin thrown by something

Illustrated notes

Levels and vault maps discovered:
D:        pitsprint [storerooms_1, entrance_room_1, metal_vault_5, armoury_1,
          mini_pit_1, grid_room_1, main_hall_1, silver_pit, the_coven_3,
          the_vestibule_1, steel_vault_3, golden_pit, hallway_of_sentries,
          crystal_vault_2, iron_vault_1, final_vault]

Skill      XL: |  1  2  3  4  5  6  7  8  9 |
---------------+----------------------------+-----
Fighting       | 4 5 7 9 10 12 13 15 | 15.1
Axes           | 4 5 8 10 11 13 14 16 | 16.4
Dodging        | 4 5 7 9 10 11 12 13 | 13.3
Stealth        | 2 3 4 |  4.5
Armour         | 1 4 |  4.6

Action                     |  1- 3 |  4- 6 |  7- 9 || total
---------------------------+-------+-------+-------++-------
  Melee: Hand axe          |    25 |     9 |     8 ||    42
         Headbutt          |     4 |     2 |     4 ||    10
         Punch             |       |     1 |       ||     1
         Broad axe         |       |       |    27 ||    27
 Invoke: Draw Destruction  |     2 |     2 |     9 ||    13
         Draw Summoning    |       |     1 |     3 ||     4
         Draw Escape       |       |       |     2 ||     2
    Use: Potion            |     2 |       |     2 ||     4
   Stab: Sleeping          |     1 |       |       ||     1
         Distracted        |       |       |     1 ||     1
 Armour: Robe              |     3 |       |       ||     3
         Chain mail        |       |     2 |     8 ||    10
         Plate armour      |       |       |    29 ||    29
  Dodge: Dodged            |    19 |     3 |    22 ||    44

Table legend: (Time is in decaauts)
 A = Elapsed time spent in this place.
 B = Non-inter-level travel time spent in this place.
 C = Inter-level travel time spent in this place.
 D = Time resting spent in this place.
 E = Time spent auto-exploring this place.
 F = Levels seen in this place.
 G = Mean time per level.
                   A        B        C        D        E       F      G
               +--------+--------+--------+--------+--------+-----+--------+
         Total |    882 |    842 |     40 |    292 |      0 |   1 |  882.0 |
       Dungeon |    882 |    842 |     40 |    292 |      0 |   1 |  882.0 |
               +--------+--------+--------+--------+--------+-----+--------+

Top non-repeatable levels by time:
       D: 882 daAuts
